 Dungeon Crawl Stone Soup version 0.28.0-53-g5a82cb258f (webtiles) character file.

Game seed: 13115523745263872449

1306 miket3c the Cleaver (level 8, -13/71 HPs)
             Began as a Hill Orc Fighter on July 31, 2022.
             Was a Follower of Okawaru.
             Killed from afar by an orc (39 damage)
             ... with a bolt of acid
             ... on level 6 of the Dungeon.
             The game lasted 00:07:35 (6518 turns).

miket3c the Cleaver (Hill Orc Fighter)              Turns: 6518, Time: 00:07:36

Health: -13/71     AC:  5    Str: 21    XL:     8   Next: 57%
Magic:  8/8        EV:  6    Int:  8    God:    Okawaru [*.....]
Gold:   293        SH:  0    Dex: 16    Spells: 7/7 levels left

rFire   . . .      SeeInvis .   a - +2 war axe
rCold   . . .      Faith    .   c - +0 buckler
rNeg    . . .      Spirit   .   r - +0 plate armour
rPois   .          Reflect  .   p - +0 helmet
rElec   .          Harm     .   (no cloak)
rCorr   .          Rampage  .   (no gloves)
Will    .....                   (no boots)
Stlth   ..........              (no amulet)
HPRegen 0.21/turn               q - +6 ring of dexterity
MPRegen 0.11/turn               (no ring)

@: confused, corroded
A: no striking features
a: Renounce Religion, Heroism


You were on level 6 of the Dungeon.
You worshipped Okawaru.
Okawaru was aware of your devotion.
You visited 2 branches of the dungeon, and saw 7 of its levels.

You collected 293 gold pieces.

Inventory:

Hand Weapons
 a - a +2 war axe (weapon)
 k - a +0 battleaxe
Missiles
 d - 2 boomerangs of dispersal
 f - 6 boomerangs (quivered)
 i - 4 datura-tipped darts
Armour
 c - a +0 buckler (worn)
 p - a +0 helmet (worn)
 r - a +0 plate armour (worn)
Jewellery
 q - a +6 ring of dexterity (left hand)
 u - an amulet of reflection
Wands
 e - a wand of iceblast (9)
 n - a wand of digging (4)
Scrolls
 g - 3 scrolls of amnesia
 j - 6 scrolls of teleportation
Potions
 b - 2 potions of heal wounds
 h - 6 potions of curing
 l - a potion of brilliance
 m - 2 potions of attraction
 o - a potion of magic
 t - a potion of invisibility


   Skills:
 + Level 6.5 Fighting
 * Level 8.8 Axes
 + Level 5.9 Armour
 + Level 6.0 Shields


You had 7 spell levels left.
You didn't know any spells.
Your spell library contained the following spells:

 Spells                   Type           Power      Damage    Failure   Level
 Apportation              Tloc           0%         N/A       100%        1
 Magic Dart               Conj           0%         1d3       100%        1
 Slow                     Hex            0%         N/A       100%        1
 Searing Ray              Conj           0%         2d4       100%        2
 Confusing Touch          Hex            0%         N/A       100%        3
 Vampiric Draining        Necr           0%         2d6       100%        3
 Airstrike                Air            0%         N/A       100%        4
 Fulminant Prism          Conj/Hex       0%         3d6       100%        4
 Lightning Bolt           Conj/Air       0%         1d11      100%        5
 Yara's Violent Unravell  Hex/Tmut       0%         3d3       100%        5
 Enfeeble                 Hex            0%         N/A       100%        7
 Animate Skeleton         Necr           Unusable   N/A       N/A         1
 Summon Small Mammal      Summ           Unusable   N/A       N/A         1
 Summon Lightning Spire   Summ/Air       Unusable   N/A       N/A         4

Dungeon Overview and Level Annotations

Branches:
Dungeon (6/15)             Temple (1/1) D:4

Altars:
Cheibriados
Dithmenos
Elyvilon
Fedhas
Gozag
Hepliaklqana
Kikubaaqudgha
Makhleb
Nemelex Xobeh
Okawaru
Qazlal
Ru
Sif Muna
Trog
Vehumet
Wu Jian
Xom
Yredelemnul
Zin
The Shining One


Message History

Something hits you but does no damage.
The orc zaps a wand.
The bolt of acid hits you! The acid corrodes you!
The orc wizard gestures at you while chanting.
The magic dart hits you but does no damage.
You hear some strange, mumbled words.
Something tries to affect you, but you resist.
The orc zaps a wand.
The bolt of acid hits you! The acid corrodes you! You block something's attack.
The orc wizard gestures at you while chanting.
You are confused.
You are too confused!
You are too confused!
You are too confused!
You are too confused!
You barely miss the orc. You hit something.
You hit the orc wizard but do no damage.
Something hits you but does no damage. The orc hits you with a +0 hand axe.
You hear some strange, mumbled words.
A magic dart appears from out of thin air!
The magic dart hits you.
The orc wizard mumbles some strange words.
The orc wizard flickers and vanishes!
You feel much better. The orc closely misses you.
Something hits you but does no damage. x2
You barely miss the orc. You miss something. You closely miss something.
You hear some strange, mumbled words.
You are more confused.
The orc hits you but does no damage.
You hear some strange, mumbled words.
A puff of flame appears from out of thin air!
The puff of flame hits you! Something completely misses you.
The orc barely misses you.
Something hits you but does no damage. x2; Something hits you.
The orc zaps a wand.
The bolt of acid hits you!!
You slash something! x2; Something hits you but does no damage.
You hear some strange, mumbled words.
You are more confused.
The orc zaps a wand.
The bolt of acid hits you!!!
Ouch! That really hurt!
You die...

....... ....... .......
####....... #.........
#......# #..{o..#
#.@....#######
#..{..........#####
#.............##...
#.............##...
#.............##...
#########.........##...
#...#...#.........#....
#.###.#.#.........'....
######.#...#.###.......#....


You could see an orc.

Vanquished Creatures
  An orc warrior (D:6)
  An ogre (D:6)
  2 phantoms
  A centaur (D:5)
  A bullfrog (D:6)
  2 scorpions
  3 bullfrog zombies
  A centaur zombie (D:5)
  2 bullfrog skeletons
  A centaur skeleton (D:5)
  A hound (D:5)
  A gnoll shaman (D:5)
  Natasha (twice) (D:2)
  3 orc wizards (D:6)
  A hound skeleton (D:2)
  Robin (D:2)
  10 gnolls
  10 adders
  An ufetubus (D:6)
  2 worms
  17 orcs
  6 endoplasms
  5 giant cockroaches
  12 goblins
  9 hobgoblins
  3 jackals (D:2)
  5 kobolds
  4 quokkas
  7 ball pythons
  3 bats
  2 frilled lizards
  A rat (D:3)
121 creatures vanquished.

Notes
Turn   | Place    | Note
-------+----------+-------------------------------------------
     0 | D:1      | miket3c the Hill Orc Fighter began the quest for the Orb.
     0 | D:1      | Reached XP level 1. HP: 19/19 MP: 1/1
    39 | D:1      | Reached skill level 3 in Axes
    93 | D:1      | Reached XP level 2. HP: 27/27 MP: 2/2
   609 | D:2      | Reached XP level 3. HP: 6/33 MP: 3/3
   926 | D:2      | Reached skill level 4 in Axes
  1043 | D:2      | Reached XP level 4. HP: 40/40 MP: 4/4
  1423 | D:2      | Noticed Robin
  1440 | D:2      | Killed Robin
  1628 | D:2      | Reached XP level 5. HP: 9/47 MP: 5/5
  2280 | D:2      | Noticed Natasha
  2287 | D:2      | Killed Natasha
  2462 | D:2      | Reached skill level 5 in Axes
  2611 | D:2      | Noticed Natasha
  2620 | D:2      | Killed Natasha
  3053 | D:3      | Reached XP level 6. HP: 53/53 MP: 6/6
  3281 | D:3      | Found a faded altar of an unknown god.
  3702 | D:4      | Found a sparkling altar of Nemelex Xobeh.
  3769 | D:4      | Found a staircase to the Ecumenical Temple.
  3889 | Temple   | Entered the Ecumenical Temple
  4126 | Temple   | Became a worshipper of Warmaster Okawaru
  4176 | D:4      | Reached skill level 5 in Fighting
  4176 | D:4      | Reached skill level 6 in Axes
  4575 | D:5      | Entered Level 5 of the Dungeon
  4832 | D:5      | Reached XP level 7. HP: 57/61 MP: 7/7
  5104 | D:5      | Reached skill level 5 in Shields
  5275 | D:5      | Reached * piety under Okawaru
  5276 | D:5      | Reached skill level 7 in Axes
  5276 | D:5      | Reached skill level 5 in Armour
  5355 | D:5      | Found a stormy altar of Qazlal.
  5739 | D:6      | Reached XP level 8. HP: 20/70 MP: 5/8
  5789 | D:6      | Reached skill level 8 in Axes
  6518 | D:6      | Killed from afar by an orc

Illustrated notes

Levels and vault maps discovered:
D:1:      lightli_arrival_statuegarden, layout_loops_cross
D:2:      mumra_celtic_spiral_tile, layout_basic, grunt_ministairs_8,
          uniq_natasha, uniq_robin
D:3:      layout_loops_ring, hellmonk_ecumenical_altar_inner_sanctum
D:4:      layout_gridville, lemuel_round_altar, minmay_temple_entry_large_hall,
          nicolae_elevator_lobby_plus
D:5:      layout_basic, nicolae_qazlal_eye_of_the_storm, roderic_malta_cross,
          grunt_ministairs_11
D:6:      kennysheep_six_static_rooms, layout_basic, chequers_avenue,
          bh_walls_and_bars
Temple:   dpeg_five_rooms_temple

Skill      XL: |  1  2  3  4  5  6  7  8 |
---------------+-------------------------+-----
Axes           | 3 4 5 6 7 8 |  8.8
Fighting       | 4 5 6 |  6.5
Shields        | 4 5 6 |  6.0
Armour         | 4 5 |  5.9

Action                   |  1- 3 |  4- 6 |  7- 9 || total
-------------------------+-------+-------+-------++-------
Melee: War axe           |    45 |   215 |   103 ||   363
Throw: Boomerang         |       |       |     4 ||     4
Invok: Heroism           |       |       |     1 ||     1
  Use: Scroll            |       |    11 |     4 ||    15
       Potion            |       |       |     4 ||     4
Armor: Scale mail        |    21 |    87 |       ||   108
       Chain mail        |       |    35 |    68 ||   103
       Plate armour      |       |       |    28 ||    28
Dodge: Dodged            |    21 |    82 |    31 ||   134
Block: Buckler           |     5 |    36 |    44 ||    85
